 Dungeon Crawl Stone Soup version 0.28.0-45-g0d030f2227 (webtiles) character file.

Game seed: 11392299422945000811

1488 Ablot the Cutter (level 8, 0/67 HPs)
             Began as a Gnoll Chaos Knight on Apr 16, 2022.
             Was a Plaything of Xom.
             Slain by a wight
             ... wielding a +5 spear
              (6 damage)
             ... on level 6 of the Dungeon.
             The game lasted 00:08:10 (6622 turns).

Ablot the Cutter (Gnoll Chaos Knight)               Turns: 6622, Time: 00:08:11

Health: 0/67       AC:  7    Str: 17    XL:     8   Next: 80%
Magic:  13/13      EV: 13    Int: 11    God:    Xom [....*.]
Gold:   273        SH:  0    Dex: 12    Spells: 14/14 levels left

rFire   . . .      SeeInvis +   w - +7 mace of the Vine {freeze, rN+ Str+3 SInv}
rCold   . . .      Faith    .   (no shield)
rNeg    + . .      Spirit   .   b - +2 leather armour
rPois   +          Reflect  .   (helmet restricted)
rElec   +          Harm     .   (no cloak)
rCorr   .          Rampage  .   (no gloves)
Will    .....                   s - +0 pair of boots
Stlth   +++.......              (no amulet)
HPRegen 0.21/turn               n - ring "Pussooce" {Fly rElec rPois Will- Stlth+}
MPRegen 0.13/turn               (no ring)

@: flying
A: fangs 1, strong nose, distributed training, antennae 1
a: Renounce Religion


You were on level 6 of the Dungeon.
You worshipped Xom.
You were a beloved toy of Xom.
You visited 1 branch of the dungeon, and saw 6 of its levels.
You also visited: Sewer.

You collected 273 gold pieces.

Inventory:

Hand Weapons
 a - a +0 short sword of chaos
 w - the +7 mace of the Vine (weapon) {freeze, rN+ Str+3 SInv}
   (You found it on level 3 of the Dungeon)

   It freezes those it strikes, dealing additional cold damage.
   It can also slow down cold-blooded creatures.
   Str:       It affects your strength (+3).
   rN:        It protects you from negative energy.
   SInv:      It lets you see invisible.
Missiles
 d - 3 atropa-tipped darts
 e - 276 stones
 g - 51 arrows
 m - 4 javelins
 o - 38 bolts
 p - 6 poisoned darts (quivered)
 r - 34 sling bullets
Armour
 b - a +2 leather armour (worn)
 f - a +0 helmet
 s - a +0 pair of boots (worn)
Jewellery
 n - the ring "Pussooce" (left hand) {Fly rElec rPois Will- Stlth+}
   (You found it on level 3 of the Dungeon)

   [ring of poison resistance]

   rElec:     It insulates you from electricity.
   rPois:     It protects you from poison.
   Fly:       It grants you flight.
   Will:      It decreases your willpower.
   Stlth:     It makes you more stealthy.
Wands
 u - a wand of paralysis (3)
Scrolls
 i - 3 scrolls of fog {unknown}
 k - 2 scrolls of vulnerability {unknown}
 l - a scroll of holy word {unknown}
 t - a scroll of torment {unknown}
 v - a scroll of noise {unknown}
 y - a scroll of identify {unknown}
Potions
 c - 4 potions of flight
 h - 3 potions of curing {unknown}
 j - 2 potions of attraction {unknown}
 q - 2 potions of heal wounds
 x - a potion of cancellation {unknown}


   Skills:
 + Level 7.5 Fighting
 + Level 7.5 Short Blades
 + Level 3.6 Long Blades
 + Level 3.6 Axes
 + Level 3.6 Maces & Flails
 + Level 3.6 Polearms
 + Level 3.6 Staves
 + Level 3.6 Slings
 + Level 3.6 Bows
 + Level 3.6 Crossbows
 + Level 3.6 Throwing
 + Level 5.9 Armour
 + Level 4.5 Dodging
 + Level 3.6 Stealth
 + Level 3.6 Shields
 + Level 3.6 Unarmed Combat
 + Level 3.6 Spellcasting
 + Level 2.9 Conjurations
 + Level 2.9 Hexes
 + Level 2.9 Summonings
 + Level 2.9 Necromancy
 + Level 2.9 Translocations
 + Level 2.9 Transmutations
 + Level 2.9 Fire Magic
 + Level 2.9 Ice Magic
 + Level 2.9 Air Magic
 + Level 2.9 Earth Magic
 + Level 2.9 Poison Magic
 + Level 4.0 Invocations
 + Level 3.6 Evocations


You had 14 spell levels left.
You didn't know any spells.
Your spell library contained the following spells:

 Spells                   Type           Power      Damage    Failure   Level
 Magic Dart               Conj           32%        1d4       9%          1
 Call Imp                 Summ           8%         N/A       13%         2
 Conjure Flame            Conj/Fire      8%         6-21      26%         3
 Ignite Poison            Fire/Tmut/Pois 8%         N/A       26%         3
 Mephitic Cloud           Conj/Pois/Air  8%         N/A       26%         3
 Sticky Flame             Conj/Fire      8%         2d3       65%         4


Dungeon Overview and Level Annotations

Branches:
Dungeon (6/15)              Sewer (visited)
 Temple: D:4-7

Altars:
Ashenzari
Cheibriados
Dithmenos
Elyvilon
Kikubaaqudgha
Nemelex Xobeh
Sif Muna
Xom
Yredelemnul


Innate Abilities, Weirdness & Mutations

You have very sharp teeth.
Your uncanny sense of smell can sniff out nearby items.
Your experience applies equally to all skills.
You have a pair of small antennae on your head.


Message History

The bullfrog is heavily wounded.
The bullfrog hits you. x2
The bullfrog is no longer moving slowly.
There is an open door here.
You sock the bullfrog!
The bullfrog seems to slow down.
You freeze the bullfrog.
You kill the bullfrog!
You see here a bullfrog corpse.
You thump the wight!
The wight is heavily damaged.
The wight hits you with a +2 war axe!
You hit the wight.
The wight is severely damaged.
The wight barely misses you. The wight hits you with a +2 war axe!
You sock the wight!
You destroy the wight!
You thump the wight! You freeze the wight. You bite the wight.
The wight is severely damaged.
The wight misses you.
The wight hits you but does no damage. x2
The wight barely misses you.
You hit the wight. Your bite misses the wight.
The wight is almost destroyed.
The wight completely misses you.
The wight hits you from afar with a +5 spear!
* * * LOW HITPOINT WARNING * * *
You partially resist.
You feel drained.
You hit the wight.
You destroy the wight!
The wight hits you from afar with a +5 spear!
* * * LOW HITPOINT WARNING * * *
Your life force feels restored.
Your Invocations skill increases to level 4!
There is an open door here.
There is an escape hatch in the ceiling here.
The orc wizard points at you and mumbles some strange words.
The magic dart hits you.
* * * LOW HITPOINT WARNING * * *
The wight hits you from afar with a +5 spear.
You die...
Xom bursts into laughter!

........#
#.######.........
........#
###'###############
........# #..........
........####..........
........o)†o..........
........####..........
......#.# #.z........
...##...# #..........
### ##..# #.@..###+##
#..# #....# #..#
####.# ∆ ##> .+ .# .#


You could see a wight and an orc wizard (invisible).

Vanquished Creatures
  A wyvern (D:5)
  A water moccasin (D:5)
  A black bear (D:6)
  A sky beast (D:6)
  2 ogres (D:5)
  A centaur (D:5)
  A kobold brigand (Sewer)
  A bullfrog (D:6)
  A water moccasin skeleton (D:4)
  3 wights (D:6)
  A centaur zombie (D:5)
  An orc priest (D:3)
  3 hounds
  A scorpion zombie (D:5)
  An orc wizard (D:6)
  Robin (D:4)
  8 adders
  4 river rats
  A shadow imp (D:5)
  An adder skeleton (D:5)
  3 worms
  2 dart slugs (D:1)
  11 orcs
  9 bats
  6 endoplasms
  3 giant cockroaches
  18 goblins
  13 hobgoblins
  3 jackals
  9 kobolds
  7 quokkas
  6 ball pythons
  6 frilled lizards
  A quokka skeleton (D:4)
  10 rats
142 creatures vanquished.

Vanquished Creatures (collateral kills)
  A bullfrog skeleton (D:5)
1 creature vanquished.

Grand Total: 143 creatures vanquished

Notes
Turn   | Place    | Note
-------+----------+-------------------------------------------
     0 | D:1      | Ablot the Gnoll Chaos Knight began the quest for the Orb.
     0 | D:1      | Reached XP level 1. HP: 23/23 MP: 1/1
   132 | D:1      | XOM: divination: detect items
   195 | D:1      | Reached XP level 2. HP: 29/29 MP: 2/2
   605 | D:1      | Reached XP level 3. HP: 19/35 MP: 3/3
   696 | D:1      | XOM: divination: detect items
  1035 | D:1      | Reached skill level 1 in Invocations
  1402 | D:2      | Reached skill level 1 in Long Blades
  1402 | D:2      | Reached skill level 1 in Axes
  1402 | D:2      | Reached skill level 1 in Maces & Flails
  1402 | D:2      | Reached skill level 1 in Polearms
  1402 | D:2      | Reached skill level 1 in Staves
  1402 | D:2      | Reached skill level 1 in Slings
  1402 | D:2      | Reached skill level 1 in Bows
  1402 | D:2      | Reached skill level 1 in Crossbows
  1402 | D:2      | Reached skill level 1 in Throwing
  1402 | D:2      | Reached skill level 1 in Stealth
  1402 | D:2      | Reached skill level 1 in Shields
  1402 | D:2      | Reached skill level 1 in Unarmed Combat
  1402 | D:2      | Reached skill level 1 in Spellcasting
  1402 | D:2      | Reached skill level 1 in Evocations
  1404 | D:2      | XOM: potion effect (heal wounds)
  1456 | D:2      | Reached XP level 4. HP: 41/41 MP: 5/5
  1556 | D:2      | XOM: divination: magic mapping
  1937 | D:2      | Reached skill level 1 in Conjurations
  1937 | D:2      | Reached skill level 1 in Hexes
  1937 | D:2      | Reached skill level 1 in Summonings
  1937 | D:2      | Reached skill level 1 in Necromancy
  1937 | D:2      | Reached skill level 1 in Translocations
  1937 | D:2      | Reached skill level 1 in Transmutations
  1937 | D:2      | Reached skill level 1 in Fire Magic
  1937 | D:2      | Reached skill level 1 in Ice Magic
  1937 | D:2      | Reached skill level 1 in Air Magic
  1937 | D:2      | Reached skill level 1 in Earth Magic
  1937 | D:2      | Reached skill level 1 in Poison Magic
  2146 | D:2      | XOM: silly message
  2168 | D:2      | XOM: 3-stop teleportation journey
  2500 | D:3      | Identified the ring "Pussooce" {Fly rElec rPois Will-
                  | Stlth+}
  2627 | D:3      | Found a sparkling altar of Nemelex Xobeh.
  2742 | D:3      | Found a shadowy altar of Dithmenos.
  2742 | D:3      | Found a basalt altar of Yredelemnul.
  2800 | D:3      | XOM: polymorph dart slug -> adder
  2804 | D:3      | Reached XP level 5. HP: 45/47 MP: 5/7
  2834 | D:3      | XOM: confuse monster(s)
  2884 | D:3      | Found a glowing drain.
  2902 | Sewer    | Entered a sewer
  2931 | Sewer    | XOM: give mutation
  2931 | Sewer    | Gained mutation: You have a pair of small antennae on your
                  | head. [Xom's grace]
  3040 | Sewer    | Noticed a kobold brigand
  3060 | Sewer    | Killed a kobold brigand
  3061 | Sewer    | Reached XP level 6. HP: 33/53 MP: 8/8
  3224 | Sewer    | Found a glowing silver altar of Zin.
  3505 | D:3      | Identified the +7 mace of the Vine {freeze, rN+ Str+3 SInv}
  3686 | D:3      | Reached skill level 5 in Armour
  4198 | D:4      | Noticed Robin
  4213 | D:4      | XOM: enchant monster (good)
  4217 | D:4      | Killed Robin
  4411 | D:4      | XOM: silly message
  4438 | D:4      | XOM: divination: detect items
  4693 | D:4      | Found a white marble altar of Elyvilon.
  4833 | D:5      | Entered Level 5 of the Dungeon
  4866 | D:5      | Reached XP level 7. HP: 44/59 MP: 10/10
  5023 | D:5      | XOM: scenery: create altars
  5172 | D:5      | XOM: polymorph ogre -> water moccasin
  5175 | D:5      | XOM: summons 2 friendly demons
  5203 | D:5      | XOM: polymorph iron imp -> crimson imp
  5518 | D:5      | XOM: 2-stop teleportation journey
  5964 | D:5      | XOM: butterfly on damage
  5968 | D:5      | XOM: silly message
  5984 | D:5      | Reached XP level 8. HP: 13/67 MP: 12/12
  6329 | D:5      | Noticed a wyvern
  6333 | D:5      | Killed a wyvern
  6371 | D:6      | XOM: potion effect (brilliance)
  6447 | D:6      | Found a shimmering blue altar of Sif Muna.
  6463 | D:6      | Found a shimmering altar of Xom.
  6464 | D:6      | Found a broken altar of Ashenzari.
  6465 | D:6      | Found a snail-covered altar of Cheibriados.
  6466 | D:6      | Found an ancient bone altar of Kikubaaqudgha.
  6478 | D:6      | XOM: silly message
  6558 | D:6      | XOM: god gift: scroll labelled ZOCSOE ZUIFOIL {god gift}
  6622 | D:6      | Slain by a wight

Illustrated notes

Levels and vault maps discovered:
D:1:      minmay_arrival_four_loops, layout_basic, hangedman_glass_teeth,
          chequers_serial_rivers_small_a
D:2:      layout_basic, minmay_goblin_outpost
D:3:      layout_basic, nemelex_diamond_rough_becter,
          gammafunk_temple_overflow_statue, cheibrodos_sewer_entry_sluice,
          kennysheep_flooded_box, minmay_distorted
D:4:      layout_rooms, mainiacjoe_overflow_boulevard, uniq_robin
D:5:      layout_basic, minmay_fractal_squares_diagonal_5
D:6:      layout_basic, grunt_temple_overflow_open,
          mainiacjoe_overflow_24_doors, gammafunk_ghost_gnarly_gnolls

Skill      XL: |  1  2  3  4  5  6  7  8 |
---------------+-------------------------+-----
Invocations    | 1 2 3 4 |  4.0
Long Blades    | 1 2 3 |  3.6
Axes           | 1 2 3 |  3.6
Maces & Flails | 1 2 3 |  3.6
Polearms       | 1 2 3 |  3.6
Staves         | 1 2 3 |  3.6
Slings         | 1 2 3 |  3.6
Bows           | 1 2 3 |  3.6
Crossbows      | 1 2 3 |  3.6
Throwing       | 1 2 3 |  3.6
Stealth        | 1 2 3 |  3.6
Shields        | 1 2 3 |  3.6
Unarmed Combat | 1 2 3 |  3.6
Spellcasting   | 1 2 3 |  3.6
Evocations     | 1 2 3 |  3.6
Conjurations   | 1 2 |  2.9
Hexes          | 1 2 |  2.9
Summonings     | 1 2 |  2.9
Necromancy     | 1 2 |  2.9
Translocations | 1 2 |  2.9
Transmutations | 1 2 |  2.9
Fire Magic     | 1 2 |  2.9
Ice Magic      | 1 2 |  2.9
Air Magic      | 1 2 |  2.9
Earth Magic    | 1 2 |  2.9
Poison Magic   | 1 2 |  2.9
Dodging        | 3 4 |  4.5
Armour         | 5 |  5.9
Fighting       | 7 |  7.5
Short Blades   | 7 |  7.5

Action                   |  1- 3 |  4- 6 |  7- 9 || total
-------------------------+-------+-------+-------++-------
Melee: Short sword       |   134 |   257 |   125 ||   516
       Bite              |    10 |    30 |    17 ||    57
       Punch             |     3 |     5 |     4 ||    12
       Mace              |       |    11 |    12 ||    23
Throw: Dart              |       |       |    12 ||    12
 Stab: Sleeping          |     1 |     6 |     3 ||    10
       Confused          |       |     1 |     1 ||     2
       Distracted        |       |       |     1 ||     1
Armor: Leather armour    |    64 |    85 |    44 ||   193
Dodge: Dodged            |    82 |   156 |    89 ||   327
